Cogmind - Beta 16 @@@ ROGUE MODE // 2025.11.14 @ 05:38:13 // AFD2019/Pay2Buy Player: GFYguy Result: Self-destructed Performance ------------- Evolutions (1) 500 Regions Visited (4) 800 Robots Destroyed (2) 10 Value Destroyed (142) 142 Prototype IDs (4) 80 Alien Tech Used (0) 0 Bonus (0) 0 TOTAL SCORE: 1532 Bonus ------- None Cogmind --------- Core Integrity 376/400 Matter 102/300 Energy 38/100 System Corruption 0% Temperature Cool (0) Movement Flying (35) Location -9/Mines Parts ------- > --- POWER (1) -------- (None) > --- PROPULSION (4) --- Improved VTOL Module > --- UTILITY (2) ------ Propulsion Shielding Improved Trap Extractor (0/6) > --- WEAPON (2) ------- (None) > --- INVENTORY (10) --- Armored Huge Wheel Medium Matter Pod (0) Heavy EM Shotgun Lightning Gun Pulse Rifle Particle Cannon Peak State ------------ > --- POWER ------------ (None) > --- PROPULSION ------- Armored Huge Wheel > --- UTILITY ---------- High-powered Tractor Beam > --- WEAPON ----------- Particle Cannon Plasma Cutter > --- INVENTORY -------- Improved VTOL Module Medium Matter Pod Propulsion Shielding Heavy EM Shotgun Lightning Gun Pulse Rifle [Rating: 16] Favorites ----------- Power None Propulsion Improved VTOL Module Wheel Armored Huge Wheel Flight Unit Improved VTOL Module Utility Propulsion Shielding Device High-powered Tractor Beam Protection Propulsion Shielding Weapon Plasma Cutter Energy Cannon Particle Cannon Special Weapon Plasma Cutter Build | -11 -10 -10 -9 -9 ------- Run | Yrd Mat Min Mat Min Slots Evolved 2 | . . . 2 . Power . | . . . . . Propulsion 2 | . . . 2 . Utility . | . . . . . Weapon . | . . . . . Parts Attached 7 | . 4 . . 3 Power . | . . . . . Engine . | . . . . . Core . | . . . . . Reactor . | . . . . . Propulsion 1 | . 1 . . . Treads . | . . . . . Leg . | . . . . . Wheel . | . . . . . Hover . | . . . . . Flight 1 | . 1 . . . Utility 3 | . 2 . . 1 Device 2 | . 1 . . 1 Storage . | . . . . . Processor . | . . . . . Hackware . | . . . . . Protection 1 | . 1 . . . Artifact . | . . . . . Weapon 3 | . 1 . . 2 Energy Gun . | . . . . . Energy Cannon 1 | . . . . 1 Ballistic Gun . | . . . . . Ballistic Cannon . | . . . . . Launcher . | . . . . . Special Weapon 2 | . 1 . . 1 Impact Weapon . | . . . . . Slashing Weapon . | . . . . . Piercing Weapon . | . . . . . Special Melee Weapon . | . . . . . Unidentified Prototypes . | . . . . . Parts Lost 4 | . . 2 1 1 Power . | . . . . . Propulsion . | . . . . . Utility 1 | . . 1 . . Weapon 3 | . . 1 1 1 Highest Loss Streak 2 | . . 1 1 2 To Critical Strikes . | . . . . . Average Backups 4 | . 4 6 6 6 Power . | . . . . . Propulsion . | . . 1 1 1 Utility . | . . 1 1 1 Weapon 3 | . 2 4 4 4 Tool/Special . | . . . . . Unused Backups 3 | . . . . 3 Power . | . . . . . Propulsion . | . . . . . Utility . | . . . . . Weapon 3 | . . . . 3 Tool/Special . | . . . . . Average Slot Usage (%) 44 | . 45 50 33 25 Flight 10 | . 10 14 11 11 Device 9 | . 10 14 . . Protection 10 | . 10 14 11 11 Special Weapon 12 | . 14 7 11 3 Peak Build Rating 16 | 2 16 12 9 13 Average Rating 9 | 2 9 10 8 8 On Entrance 5 | . 2 12 7 7 Avg Prop Armor Cover (%) . | . . . . . Naked Turns . | . . . . . Heaviest Build 5 | 1 3 3 2 5 Greatest Support 5 | 3 5 5 5 5 Greatest Overweight (x) . | . . . . . Average Overweight (x) . | . . . . . Largest Inventory Capacity 10 | 10 10 10 10 10 Average Capacity 10 | 10 10 10 10 10 Most Carried 9 | . 9 7 7 8 Average Carried 5 | . 5 7 7 7 Final Capacity 10 | 10 10 10 10 10 Final Carried 7 | . 7 7 7 7 Class Distribution -------------------- 100% | Mutant Dominant Class ---------------- Mutant | -10/Materials Mutant | -10/Mines Mutant | -9/Materials Mutant | -9/Mines Resources | -11 -10 -10 -9 -9 ----------- Run | Yrd Mat Min Mat Min Matter Collected 62 | . 48 14 . . Remotely 62 | . 48 14 . . Salvage Created 62 | . 48 14 . . Parts . | . . . . . Haulers Intercepted . | . . . . . Recyclers Shooed . | . . . . . Parts Field Recycled . | . . . . . Retrieved Matter . | . . . . . Parts Self-Destructed . | . . . . . Prevented . | . . . . . Parts Restored . | . . . . . Kills | -11 -10 -10 -9 -9 ------- Run | Yrd Mat Min Mat Min Combat Hostiles Destroyed . | . . . . . Classes Destroyed 1 | . 1 . . . Worker 2 | . 2 . . . Best Kill Streak 1 | . 1 . . . Combat Bots Only . | . . . . . Max Kills in Single Turn 1 | . 1 . . . Gunslinging . | . . . . . Exploded . | . . . . . Melee . | . . . . . Uniques/NPCs Destroyed . | . . . . . Combat | -11 -10 -10 -9 -9 -------- Run | Yrd Mat Min Mat Min Hostile Shots Fired 35 | . 2 18 15 . Missed 13 | . . 7 6 . Hits 22 | . 2 11 9 . Melee 1 | . . 1 . . Projectile 21 | . 2 10 9 . Critical Strikes 1 | . . 1 . . Damage Taken 231 | . 15 123 63 30 Core 91 | . 9 58 24 . Absorbed by Shields . | . . . . . Redirected to Shielding 5 | . . 3 2 . Core Remaining (%) 86 | 100 . 73 . . Volleys Fired 21 | . 21 . . . Largest 1 | . 1 . . . Hottest 20 | . 20 . . . Shots Fired 21 | . 21 . . . Gun . | . . . . . Cannon . | . . . . . Launcher . | . . . . . Special 21 | . 21 . . . Kinetic . | . . . . . Thermal 21 | . 21 . . . Explosive . | . . . . . Electromagnetic . | . . . . . Robot Hit Streak 2 | . 2 . . . Robot Miss Streak 3 | . 3 . . . Penetration Max . | . . . . . Secondary Targets . | . . . . . Shots Hit Robots 4 | . 4 . . . Core Hits 3 | . 3 . . . Critical Kills . | . . . . . Critical Parts Destroyed . | . . . . . Critical Strikes . | . . . . . Melee Attacks . | . . . . . Impact . | . . . . . Slashing . | . . . . . Piercing . | . . . . . Sneak Attacks . | . . . . . Combat Hostiles . | . . . . . Follow-up Attacks . | . . . . . Damage Inflicted 41 | . 41 . . . Guns . | . . . . . Cannons . | . . . . . Explosions . | . . . . . Melee . | . . . . . Ramming . | . . . . . Kinetic . | . . . . . Thermal 41 | . 41 . . . Explosive . | . . . . . Electromagnetic . | . . . . . Impact . | . . . . . Slashing . | . . . . . Piercing . | . . . . . Highest Corruption . | . . . . . Average Corruption . | . . . . . Corruption Purged . | . . . . . Corruption Blocked . | . . . . . Overload Shots . | . . . . . Overflow Damage . | . . . . . Projectiles . | . . . . . Explosions . | . . . . . Melee . | . . . . . Knockbacks . | . . . . . Impact . | . . . . . Kinetic . | . . . . . Secondary . | . . . . . Self-Inflicted Damage . | . . . . . Shots . | . . . . . Rammed . | . . . . . Targets Rammed . | . . . . . Kicked . | . . . . . Crushed . | . . . . . Highest Temperature . | . . . . . Average Temperature . | . . . . . Received Heat Transfer 6 | . . 6 . . Siege Activations . | . . . . . Martial Activations . | . . . . . Shielding Activations . | . . . . . Robots Disrupted . | . . . . . Combat Hostiles . | . . . . . Robots Corrupted . | . . . . . Combat Hostiles . | . . . . . Parts Fried . | . . . . . Impact Corruptions . | . . . . . Robots Melted . | . . . . . Combat Hostiles . | . . . . . Parts Melted . | . . . . . Heat Transferred 148 | . 148 . . . Parts Sabotaged . | . . . . . Parts Stolen . | . . . . . Parts Stripped . | . . . . . Power Chain Reactions . | . . . . . Alert | -11 -10 -10 -9 -9 ------- Run | Yrd Mat Min Mat Min Maximum Alert Level . | . . . . . Low Security (%) 100 | 100 100 100 100 100 Level 1 . | . . . . . Level 2 . | . . . . . Level 3 . | . . . . . Level 4 . | . . . . . Level 5 . | . . . . . High Security . | . . . . . Max Security . | . . . . . Peak Influence 58 | . 58 23 50 15 Initial 18 | . . 18 . 15 Average 13 | . 13 12 11 14 Influence Increases 340 | . 250 30 60 . Destroy 0b10 Robot/NC 10 | . 10 . . . Successful Hack 15 | . 15 . . . Disable Machine 210 | . 180 15 15 . Lose Combat Pursuer 105 | . 45 15 45 . Influence Decreases 340 | . 202 78 20 40 Entered New Map 55 | . . 30 . 25 Time Decay 245 | . 202 28 10 5 Lost Part 40 | . . 20 10 10 Squads Dispatched 1 | . 1 . . . Investigation 1 | . 1 . . . Extermination . | . . . . . Reinforcement . | . . . . . Assault . | . . . . . Garrison . | . . . . . Intercept . | . . . . . Searches Triggered . | . . . . . Construction Impeded . | . . . . . Haulers Reinforced . | . . . . . Active Scanning Responses . | . . . . . Cargo Convoy Interrupts . | . . . . . Stealth | -11 -10 -10 -9 -9 --------- Run | Yrd Mat Min Mat Min Distress Signals . | . . . . . Communications Jammed . | . . . . . Distress Signals . | . . . . . Times Spotted 24 | . 5 12 7 . Peak Tracking Total 8 | . 3 8 4 . Tactical Retreats 3 | . 1 1 1 . Traps | -11 -10 -10 -9 -9 ------- Run | Yrd Mat Min Mat Min Traps Triggered 3 | . 1 . . 2 Indirectly . | . . . . . Trap Hack Attempts . | . . . . . Triggered . | . . . . . Disarmed . | . . . . . Reprogrammed . | . . . . . Reused . | . . . . . Traps Extracted . | . . . . . Installed . | . . . . . Triggered . | . . . . . Machines | -11 -10 -10 -9 -9 ---------- Run | Yrd Mat Min Mat Min Machines Disabled 16 | . 14 1 1 . Max in Single Turn 1 | . 1 1 1 . Machines Repaired . | . . . . . Machines Dismantled 16 | . 14 1 1 . Machines Sabotaged . | . . . . . Overloaded Fab Kills . | . . . . . Hacking | -11 -10 -10 -9 -9 --------- Run | Yrd Mat Min Mat Min Machines Accessed 5 | . 4 . . 1 Terminals 4 | . 4 . . . Fabricators . | . . . . . Repair Stations . | . . . . . Recycling Units . | . . . . . Scanalyzers . | . . . . . Garrison Access . | . . . . . Total Hacks 7 | . 6 . . 1 Successful 4 | . 3 . . 1 Failed 3 | . 3 . . . Catastrophic 1 | . 1 . . . Database Lockouts . | . . . . . Manual . | . . . . . Terminals 6 | . 6 . . . Fabricators . | . . . . . Repair Stations . | . . . . . Recycling Units . | . . . . . Scanalyzers . | . . . . . Garrison Access . | . . . . . Terminal Hacks 4 | . 3 . . 1 Prototype ID Bank 1 | . 1 . . . Open Door 1 | . . . . 1 Branch Access Points 1 | . 1 . . . Maintenance Status 1 | . 1 . . . Fabricator Hacks . | . . . . . Repair Station Hacks . | . . . . . Recycling Unit Hacks . | . . . . . Scanalyzer . | . . . . . Garrison Access Hacks . | . . . . . Unauthorized Hacks . | . . . . . Terminals . | . . . . . Fabricators . | . . . . . Repair Stations . | . . . . . Recycling Units . | . . . . . Scanalyzers . | . . . . . Garrison Access . | . . . . . Data Cores Recovered . | . . . . . Used . | . . . . . Hacking Detections 3 | . 3 . . . Full Trace Events 1 | . 1 . . . Feedback Events . | . . . . . Feedback Blocked . | . . . . . Robot Schematics Acquired . | . . . . . Robots Built . | . . . . . Authchips . | . . . . . Time . | . . . . . Total Robot Build Rating . | . . . . . Part Schematics Acquired . | . . . . . Parts Built . | . . . . . Authchips . | . . . . . Time . | . . . . . Total Part Build Rating . | . . . . . Part Studies Acquired . | . . . . . Parts Repaired . | . . . . . Time . | . . . . . Parts Recycled . | . . . . . Recycled Matter . | . . . . . Retrieved Matter . | . . . . . Retrieved Components . | . . . . . Parts Scanalyzed . | . . . . . Part Schematics Acquired . | . . . . . Parts Damaged . | . . . . . Bothacking | -11 -10 -10 -9 -9 ------------ Run | Yrd Mat Min Mat Min Used RIF Installer . | . . . . . Robots Hacked . | . . . . . Non-combat . | . . . . . Combat . | . . . . . Robot Hacks Applied . | . . . . . Relay Couplers Released . | . . . . . Fabnet Peak Effective % . | . . . . . Robots Rewired . | . . . . . Allies Hacked . | . . . . . Hacks Repelled . | . . . . . Allies | -11 -10 -10 -9 -9 -------- Run | Yrd Mat Min Mat Min Total Allies . | . . . . . Largest Group . | . . . . . Highest-Rated Group . | . . . . . Highest-Rated Ally . | . . . . . Total Orders . | . . . . . Ally Attacks . | . . . . . Total Damage . | . . . . . Kills . | . . . . . Allies Corrupted . | . . . . . Allies Melted . | . . . . . Intel | -11 -10 -10 -9 -9 ------- Run | Yrd Mat Min Mat Min Active Infowar (turns) . | . . . . . Robot Analysis Total . | . . . . . Derelict Logs Recovered . | . . . . . Drone Launches . | . . . . . Drone Recoveries . | . . . . . Exploration | -11 -10 -10 -9 -9 ------------- Run | Yrd Mat Min Mat Min Turns Passed 985 | 9 821 85 50 20 Spaces Moved 688 | 18 357 208 81 24 Core 69 | 18 50 . . 1 Treads . | . . . . . Legs . | . . . . . Wheels . | . . . . . Hover . | . . . . . Flight 619 | . 307 208 81 23 Fastest Speed 35 | 50 35 35 35 35 Average Speed 36 | 50 37 35 35 35 Slowest Speed 50 | 50 50 35 35 50 Overloaded Moves . | . . . . . Propulsion Burnouts . | . . . . . Robots Hopped 4 | . . 4 . . Potential Cave-ins . | . . . . . Cave-ins Triggered . | . . . . . Exploration Rate (%) 24 | 4 36 54 19 10 Regions Visited 4 Branch Regions 2 Pre-discovered Areas 1 | . . 1 . . Known Exits Taken 1 | . 1 . . . Unknown Exits Taken 3 | 1 . 1 1 . Scrap Searched . | . . . . . Spaces Dug . | . . . . . Terrain Destroyed . | . . . . . Melee . | . . . . . Projectile . | . . . . . AOE . | . . . . . Terrain Rammed . | . . . . . Walls Destroyed . | . . . . . Machines Disabled . | . . . . . Actions | -11 -10 -10 -9 -9 --------- Run | Yrd Mat Min Mat Min Total 936 | 17 592 207 87 33 Wait . | . . . . . Move 676 | 17 356 199 80 24 Hop 4 | . . 4 . . Pick Up 4 | . 1 . . 3 Fast Attach . | . . . . . Attach 8 | . 4 . . 4 Detach 5 | . 4 . . 1 Swap . | . . . . . Drop . | . . . . . Fire 21 | . 21 . . . Melee . | . . . . . Ram . | . . . . . Kick . | . . . . . Crush . | . . . . . Escape Stasis . | . . . . . Rewire . | . . . . . Trap . | . . . . . Miscellaneous 218 | . 206 4 7 1 Route ------- -11/Scrapyard -10/Materials (discovered 2 exits: *Min x2) -10/Mines -9/Materials -9/Mines History --------- Turn | Location | Event 5 | -11/Scrapyard | Discovered new exit (range 12) 10 | -11/Scrapyard | Entered Materials 301 | -10/Materials | Build established: Mutant 595 | -10/Materials | Identified exit to Mines 831 | -10/Materials | Entered Mines 832 | -10/Mines | Learned location of Storage (-7) 872 | -10/Mines | Excavation squad dispatched 872 | -10/Mines | A large section of the Mines collapsed 915 | -10/Mines | Discovered new exit (range 5) 916 | -10/Mines | Entered Materials 916 | -9/Materials | Evolved 2 slots: Propulsion x2 949 | -9/Materials | Discovered new exit (range 9) 966 | -9/Materials | Entered Mines 976 | -9/Mines | Met a Derelict who couldn't figure out how to use a Trap Extractor 986 | -9/Mines | Self-destructed Last Messages --------------- 00975_ Connecting with SHOP.Sys... 00975_ Current location identified: Mines >>Open Door Sealed Doors opened. 00976_ AI-8D9(g): "So I found this thing but I have no idea how to use it. And who the hell trapped this place to begin with?!" 00976_ AI-8D9(g): "I give up! Here you try, I'm outta here before something nasty happens..." 00976_ Tosses Imp. Trap Extractor to the ground. 00976_ Triggered Blade Trap. 00976_ Massive razor-sharp blades shoot up from within the floor. 00976_ Plasma Cutter severed. 00976_ Imp. VTOL Module severed. 00977_ Acquired Imp. VTOL Module. 00979_ Acquired Plasma Cutter. 00983_ Acquired Imp. Trap Extractor. 00985_ Triggered Explosive Trap. 00985_ An explosion rips through the floor. 00985_ Plasma Cutter destroyed. 00985_ Machine disabled. Map ----- +----------------------------------------------------+ | ?????????????????????????????????????? | | ?????????????????????????????????????? | | ?????????????????????????????????????? | | ?????????????????????????????????????? | | ?????????????????????????????????????? | | ?????????????????????????????????????? | | ?????????????????????????????????????? | | ?????????????????????????????????????? | | ?????????????????????????????????????? | | ??????????????????????###????????????? | | ??????????????????????# ????????????? | | ??????????????????????# #???####?????? | | ??????????????????????# #???# ??????? | | ??????????????????????# #???# #??????? | | ??????????????????????# #??## ##?????? | | ????????????????????### #### #?????? | | ??????????????####??# #?????? | | ??????????????# ##?# #?????? | | ??????????????# ### #### #?????? | | ???????????????# ## #??# #?????? | | ???????????????# ## #??## ##?????? | | ??????????###### g ########??????? | | ?????????##" # ##????????? | | ?????????#" ###??????? | | ?????????#" #????? | | ?????????#" @ ########????? | | ?????????#" X ##???????????? | | ?????????## #????????????? | | ??????????####### #????????????? | | ????????????????##### ##????????????? | | ?????????????????????###?????????????? | | ?????????????????????????????????????? | | | | | | | | | | | | | | | | | | | | | | | | | | | | | | | | | | | | | +----------------------------------------------------+ Best States ------------- Heat Dissipation 28 Energy Generation 5 Energy Capacity 100 Matter Stores 137 Matter Capacity 300 Sight Range 16 Terrain Scan Density 10 Propulsion Shielding 33 Evasion (%) 63 Item Schematics ----------------- None Robot Schematics ------------------ None Fabricated ------------ Nothing Repaired ---------- Nothing Studied --------- None Alien Tech Used ----------------- None Achievements -------------- None Challenges ------------ None Cogshop Purchases (12) ------------------------ Plasma Cutter (699) Hpw. Tractor Beam (Loot Box) Particle Cannon (Loot Box) Lightning Gun (Loot Box) Med. Matter Pod (Loot Box) Arm. Huge Wheel (Loot Box) Propulsion Shielding (Loot Box) Imp. VTOL Module (Loot Box) Hvy. EM Shotgun (Loot Box) Pulse Rifle (Loot Box) Plasma Cutter (732) Plasma Cutter (724) Game ------ Seed AntisysSignalChip Manual? 0 Play Time 00:11:11 Cumulative 41.4 hours Start 2025.11.14 @ 05:25:31 End 2025.11.14 @ 05:38:13 Sessions 1 Manual Loads 0 Difficulty Rogue Special Mode AFD2019/Pay2Buy Game No. 82 Rogue 82 Adventurer 0 Explorer 0 Win Type - Total 0 Types 0/0/0/0/0/0/0/0/0/0 Lore% 15 Gallery% 31 Achievement% 19 Wizard Run 0 Options --------- Layout 0 ASCII 0 Keyboard 0 Movement Mouse Keybinds 0 Fullscreen 2 Font 18/SmallcapsGlow Map View 76x50 Zoom Use 0% Tactical HUD 1 Map Filters NONE Filters NONE Steam 1 RUN: 4ea57474-f997-470f-8dbf-8359d9dc0596